Workbook
Name \z: #REF!
Name \z: #REF!
Name \z: #REF!
Name A_impresión_IM: #REF!
Name A_impresión_IM: #REF!
Name A_impresión_IM: #REF!
Name CompanyAddress: #REF!
Name CompanyAddress: #REF!
Name CompanyAddress: #REF!
Name CompanyAddress: #REF!
Name CompanyCity: #REF!
Name CompanyCity: #REF!
Name CompanyCity: #REF!
Name CompanyCity: #REF!
Name CompanyCountry: #REF!
Name CompanyCountry: #REF!
Name CompanyCountry: #REF!
Name CompanyCountry: #REF!
Name CompanyName: #REF!
Name CompanyName: #REF!
Name CompanyName: #REF!
Name CompanyState: #REF!
Name CompanyState: #REF!
Name CompanyState: #REF!
Name CompanyZip: #REF!
Name CompanyZip: #REF!
Name CompanyZip: #REF!
Name DataDisplayed: "Ejemplo"
Name ENCABEZA: #REF!
Name ENCABEZA: #REF!
Name ENCABEZA: #REF!
Name Slicer_Contact_Type: #N/A
Name tablonx: '[1]BASE DE DATOS'!#REF!
Name tablonx: '[1]BASE DE DATOS'!#REF!
Name tablonx: '[1]BASE DE DATOS'!#REF!
Name tablonx: '[1]BASE DE DATOS'!#REF!

Sheet PPTO OFICIAL
B2: CONSTRUCCIÓN DE LA NUEVA ESTACIÓN DEL CUERPO DE BOMBEROS LOCALIZADA EN EL SECTOR DE LAS BRISAS DE LA CIUDAD DE PEREIRA
A9: Cod. | B9: Item | C9: Un | D9: Cant. | E9: Costo Directo | F9: Valor total
A11: 1,00 PRELIMINARES
A12: 1.01 | B12: Valla de identificación de obra área mayor a 4 m2, colocada en cerchas metálica, incluye mantenimiento durante la construcción | C12: m² | D12: 6 | E12: ='APUS 7 -10'!#REF! -> #REF! | F12: =ROUND(D12*E12,0) -> #REF!
A13: 1.02 | B13: Localización y replanteo de obra | C13: m² | D13: 364 | E13: ='APUS 7 -10'!#REF! -> #REF! | F13: =ROUND(D13*E13,0) -> #REF!
A14: 1.03 | B14: Cerramiento provisional en tela de Polipropileno + guadua H=2 m (incluye mantenimiento y desmonte) | C14: m | D14: 160 | E14: ='APUS 7 -10'!#REF! -> #REF! | F14: =ROUND(D14*E14,0) -> #REF!
A15: 1.04 | B15: Campamento en teja AC + Tabla + Placa piso (Incluye red eléctrica interna y baños 2) | C15: m² | D15: 60 | E15: ='APUS 7 -10'!#REF! -> #REF! | F15: =ROUND(D15*E15,0) -> #REF!
A16: 1.05 | B16: Instalación de red provisional de agua en Suministro en instalacíon de tubería pvc presión 1/2" + manguera PF (incluye accesorios y puntos con llave terminal) | C16: m | D16: 25 | E16: ='APUS 7 -10'!#REF! -> #REF! | F16: =ROUND(D16*E16,0) -> #REF!
A17: 1.06 | B17: Instalación de red provisional de energía (incluye 3 cables No. 8, conectores, puesta a tierra, tablero de 4 circuitos, 4 interruptores y medidor) | C17: m | D17: 67 | E17: ='APUS 7 -10'!#REF! -> #REF! | F17: =ROUND(D17*E17,0) -> #REF!
A19: 2,00 EXCAVACIONES Y LLENOS
A20: 2.01 | B20: Nivelación terreno Manual e <=20cm | C20: m² | D20: 440 | E20: ='APUS 7 -10'!#REF! -> #REF! | F20: =ROUND(D20*E20,0) -> #REF!
A21: 2.02 | B21: Excavación en material común seco de 0 - 2 m manual | C21: m³ | D21: 181.24 | E21: ='APUS 7 -10'!#REF! -> #REF! | F21: =ROUND(D21*E21,0) -> #REF!
A22: 2.03 | B22: LLENO COMP MATER SITIO MAN | C22: m³ | D22: 75.5 | E22: ='APUS 7 -10'!#REF! -> #REF! | F22: =ROUND(D22*E22,0) -> #REF!
A23: 2.04 | B23: Cargue, retiro de escombros y material sobrante en escombrera autorizada dentro del área metropolitana | C23: m³ | D23: 3057.74 | E23: ='APUS 7 -10'!#REF! -> #REF! | F23: =ROUND(D23*E23,0) -> #REF!
A24: 2.05 | B24: Restitución con afirmado y cemento 5 % del peso | C24: m³ | D24: 35 | E24: ='APUS 7 -10'!#REF! -> #REF! | F24: =ROUND(D24*E24,0) -> #REF!
A25: 2.06 | B25: Excavación MEC de material común abierto | C25: m³ | D25: 2850 | E25: ='APUS 7 -10'!#REF! -> #REF! | F25: =ROUND(D25*E25,0) -> #REF!
A26: 2.07 | B26: Concreto ciclópeo | C26: m³ | D26: 22.5 | E26: ='APUS 7 -10'!#REF! -> #REF! | F26: =ROUND(D26*E26,0) -> #REF!
A28: 3,00 BASES Y LOSAS CONTRA PISO
A29: 3.01 | B29: AFIRMADO Su+Tr+Ri+Co MAN (incluye ensayos de compactación según requerimientos de la interventoría) | C29: m³ | D29: 110.25 | E29: ='APUS 7 -10'!#REF! -> #REF! | F29: =ROUND(D29*E29,0) -> #REF!
A30: 3.02 | B30: Sub Base Su+Tr+Ri+Co MAN TIPO INVÍAS (incluye ensayos de compactación según requerimientos de la interventoría) | C30: m³ | D30: 90.27 | E30: ='APUS 7 -10'!#REF! -> #REF! | F30: =ROUND(D30*E30,0) -> #REF!
A31: 3.03 | B31: PLACA PISO C20.7 MPa E=.10 m | C31: m² | D31: 303 | E31: ='APUS 7 -10'!#REF! -> #REF! | F31: =ROUND(D31*E31,0) -> #REF!
A32: 3.04 | B32: Pav Mr=4.1 MPa H=.175m PREM | C32: m² | D32: 250.2 | E32: ='APUS 7 -10'!#REF! -> #REF! | F32: =ROUND(D32*E32,0) -> #REF!
A33: 3.05 | B33: Sardinel T1 C20.7 Mpa S/placa | C33: m | D33: 67 | E33: ='APUS 7 -10'!#REF! -> #REF! | F33: =ROUND(D33*E33,0) -> #REF!
A34: 3.06 | B34: Andén en concreto e = 0.07m (acabado escobeado) | C34: m2 | D34: 54 | E34: =+'APUS 7 -10'!#REF! -> #REF! | F34: =ROUND(D34*E34,0) -> #REF!
A35: 3.07 | B35: Rampa en concreto sobre suelo e=10cm + acbado en granito lavado gualanday | C35: m2 | D35: 6 | F35: =ROUND(D35*E35,0) -> 0
A37: 4,00 ESTRUCTURAS DE CONCRETO
A38: 4.01 | B38: Acero refuerzo Fy 420 | C38: kg | D38: 28791 | E38: ='APUS primarios'!E72 -> 6671 | F38: =ROUND(D38*E38,0) -> 192064761
A39: 4.02 | B39: SOLADO Conc f'c=10.3 Mpa | C39: m³ | D39: 3.54 | E39: ='APUS 7 -10'!#REF! -> #REF! | F39: =ROUND(D39*E39,0) -> #REF!
A40: 4.03 | B40: Zapata en concreto de C20.7 Mpa | C40: m³ | D40: 19.17 | E40: ='APUS 7 -10'!#REF! -> #REF! | F40: =ROUND(D40*E40,0) -> #REF!
A41: 4.04 | B41: Viga CIM C20.7 MPa Secc C | C41: m³ | D41: 6.13 | E41: ='APUS 7 -10'!#REF! -> #REF! | F41: =ROUND(D41*E41,0) -> #REF!
A42: 4.05 | B42: Columna en concreto C20.7MPa (a la vista) | C42: m³ | D42: 7.45 | E42: ='APUS 7 -10'!#REF! -> #REF! | F42: =ROUND(D42*E42,0) -> #REF!
A43: 4.06 | B43: Pedestal Tipo 1 | C43: m³ | D43: 0.88 | E43: =+'APUS 7 -10'!#REF! -> #REF! | F43: =ROUND(D43*E43,0) -> #REF!
A44: 4.07 | B44: Viga AER C20.7MPa Sec C.0601-.900 (a la vista) | C44: m³ | D44: 13.44 | E44: ='APUS 7 -10'!#REF! -> #REF! | F44: =ROUND(D44*E44,0) -> #REF!
A45: 4.08 | B45: Viga AER C20.7MPa Sec D.0901-.1600 (a la vista) | C45: m³ | D45: 13.53 | E45: =+'APUS 7 -10'!#REF! -> #REF! | F45: =ROUND(D45*E45,0) -> #REF!
A46: 4.09 | B46: Placa tipo steel deck según diseño e=10cm (incluye lámina colaborante, elementos de fijación y concreto de 20.7 Mpa | C46: m² | D46: 229 | E46: ='APUS 7 -10'!#REF! -> #REF! | F46: =ROUND(D46*E46,0) -> #REF!
A47: 4.10 | B47: Pantalla concreto a la vista de 20.7 Mpa | C47: m3 | D47: 12.96 | E47: ='APUS 7 -10'!#REF! -> #REF! | F47: =ROUND(D47*E47,0) -> #REF! | I47: 4.17 | J47: Muro No estructural curvo en concreto a la vista espesor <10cm (2 caras a la vista con bisagrante de 8cm debidamente cepilladas en orientación vertical). Según diseño
A48: 4.11 | B48: Corte y sello para losas de contrapiso y pavimentos (incluye cordón en polietileno y sello con poliuretano) | C48: m | D48: 95 | E48: =+'APUS 7 -10'!#REF! -> #REF! | F48: =ROUND(D48*E48,0) -> #REF! | I48: 4.18 | J48: Suministro e instalación de malla electrosoldada
A49: 4.12 | B49: Anclaje acero 3/8" | C49: un | D49: 245 | E49: ='APUS 7 -10'!#REF! -> #REF! | F49: =ROUND(D49*E49,0) -> #REF! | I49: 4.19 | J49: Muro antepecho en concreto de 21 Mpa (a la vista) h = < 0,90m a = 0,15m
A50: 4.13 | B50: Anclaje acero 1/2" | C50: un | D50: 85 | E50: ='APUS 7 -10'!#REF! -> #REF! | F50: =ROUND(D50*E50,0) -> #REF!
A51: 4.14 | B51: Concreto de baja permeabilidad de 27,6 Mpa para losa de fondo, muros y losa superior en tanque de agua y cuarto de equipos (acabado interno liso) | C51: m³ | D51: 27.8 | E51: ='APUS 7 -10'!#REF! -> #REF! | F51: =ROUND(D51*E51,0) -> #REF!
A52: 4.15 | B52: Viga canal en concreto de baja permeabilidad (según diseño) 20.7 Mpa (a la vista) | C52: ml | D52: 22 | E52: =+'APUS 7 -10'!#REF! -> #REF! | F52: =ROUND(D52*E52,0) -> #REF!
A53: 4.16 | B53: Escala en concreto a la vista sobre terreno - Huella y contrahuella (incluye nariz antideslizante según diseño) | C53: ml | D53: 4.5 | E53: ='APUS 7 -10'!#REF! -> #REF! | F53: =ROUND(D53*E53,0) -> #REF! | K53: m² | L53: 127.89 | M53: 202000
A54: 4.17 | B54: Muro No estructural curvo en concreto a la vista espesor <10cm (2 caras a la vista con bisagrante de 8cm debidamente cepilladas en orientación vertical). Según diseño | C54: m² | D54: 127.89
A55: 4.18 | B55: Suministro e instalación de malla electrosoldada | C55: Kg | D55: 6750
A56: 4.19 | B56: Muro antepecho en concreto de 21 Mpa (a la vista) h = < 0,90m a = 0,15m | C56: ml | D56: 58 | K56: ml | L56: 4.5 | M56: 75000
A58: 5,00 ESTRUCTURAS METALICAS
A59: 5.01 | B59: Suministro y armado de estructura Metálica para cubierta + izaje (Incluye platinas, pernos, elementos de fijación, tensores, pruebas de soldadura, anticorrosivo y pintura esmalte) | C59: KG | D59: 1830 | E59: ='APUS 7 -10'!#REF! -> #REF! | F59: =ROUND(D59*E59,0) -> #REF!
A60: 5.02 | B60: Suministro y armado de estructura Metálica Especial + izaje (Incluye platinas, pernos, elementos de fijación, tensores, pruebas de soldadura, anticorrosivo y pintura esmalte) | C60: KG | D60: 5097 | E60: ='APUS 7 -10'!#REF! -> #REF! | F60: =ROUND(D60*E60,0) -> #REF!
A61: 5.03 | B61: Suministro y armado de estructura Metálica para escalera - según diseño estructural | C61: KG | D61: 3860 | E61: =+'APUS 7 -10'!#REF! -> #REF! | F61: =ROUND(D61*E61,0) -> #REF!
A63: 6,00 CUBIERTAS E IMPERMEABILIZACIONES
A64: 6.01 | B64: Placa maciza inclinada en concreto premezclado de baja permeabilidad 20,7 Mpa según diseño e=10cm (incluye microfibra + aditivos tipo Plastocrete DM y sistema de bombeo) | C64: m² | D64: 257 | E64: ='APUS 7 -10'!#REF! -> #REF! | F64: =ROUND(D64*E64,0) -> #REF!
A65: 6.02 | B65: Recubrimiento en sikafloor 156 Impr + sikafloor 261 color azúl (incl destr + pulida concreto) | C65: m² | D65: 128 | E65: =+'APUS 7 -10'!#REF! -> #REF! | F65: =ROUND(D65*E65,0) -> #REF!
A66: 6.03 | B66: Cubierta sistema arquitectonico en policarbonato celular tipo 10 mm en gris control solar (según diseño). Incluye conectores, remates y elementos de fijacion | C66: m² | D66: 153 | E66: ='APUS 7 -10'!#REF! -> #REF! | F66: =ROUND(D66*E66,0) -> #REF!
A67: 6.04 | B67: Impermeabilización terrazas con membrana tipo Sikaplan B/A ó similar (Incluye geotextil NT bajo mortero) | C67: m² | D67: 265 | E67: ='APUS 7 -10'!#REF! -> #REF! | F67: =ROUND(D67*E67,0) -> #REF!
A69: 7,00 MAMPOSTERIA Y REVOQUES
A70: 7.01 | B70: MURO LADRILLO FAROL PAND W=0.10m | C70: m² | D70: 597 | E70: ='APUS 7 -10'!E5 -> 47002 | F70: =ROUND(D70*E70,0) -> 28060194
A71: 7.02 | B71: Viga amarre muros Conf C20.7MPa +Rf | C71: m | D71: 205 | E71: ='APUS 7 -10'!E14 -> 36576 | F71: =ROUND(D71*E71,0) -> 7498080
A72: 7.03 | B72: Col RECT Conf C20.7MPa +Rf | C72: m | D72: 190 | E72: ='APUS 7 -10'!E28 -> 39880 | F72: =ROUND(D72*E72,0) -> 7577200
A73: 7.04 | B73: Instalación de muro seco en lámina de fibrocemento FC 10mm (1 cara) Fachada (Incluye montaje en altura + sum e inst perfilería de soporte, tratamiento de juntas + estuco plástico) | C73: m² | D73: 84 | E73: ='APUS 7 -10'!E42 -> 84055 | F73: =ROUND(D73*E73,0) -> 7060620
A74: 7.05 | B74: Muro seco Superboard FC 8mm (2F) (incluye perfilería cal 24 + tratamiento de juntas) | C74: m² | D74: 56 | E74: ='APUS 7 -10'!E43 -> 4500 | F74: =ROUND(D74*E74,0) -> 252000
A75: 7.06 | B75: Bordillo en concreto C20.7 Secc 0.09 x 0.14 S/placa para apoyo de muro en sistema liviano (incluye dilataciones y refuerzo) (no incluye anclajes) | C75: m | D75: 186.5625 | E75: ='APUS 7 -10'!E65 -> 37850 | F75: =ROUND(D75*E75,0) -> 7061391
A76: 7.07 | B76: Revoque muros interiores y exteriores (incluye carteras+filos+dilataciones) | C76: m² | D76: 1194 | E76: ='APUS 7 -10'!E77 -> 29484 | F76: =ROUND(D76*E76,0) -> 35203896
A77: 7.08 | B77: Alfajía en concreto a la vista (sencilla 1 cortagotera) (incluye refuerzo) | C77: m | D77: 36 | E77: ='APUS 7 -10'!E84 -> 49374 | F77: =ROUND(D77*E77,0) -> 1777464
A78: 7.09 | B78: Alfajía en concreto a la vista (doble cortagotera) (incluye refuerzo) | C78: m | D78: 76 | E78: ='APUS 7 -10'!E96 -> 51552 | F78: =ROUND(D78*E78,0) -> 3917952
A80: 8,00 ACABADOS PISOS MUROS Y CIELOS
A81: 8.01 | B81: Suministro e instalación de piso baldosa de grano tipo terrazzo blanco huila grano N° 1 y 2, destroncado y pulido (Incluye alistado en mortero y dilataciones plásticas) | C81: m² | D81: 303 | E81: ='APUS 7 -10'!E107 -> 103911 | F81: =ROUND(D81*E81,0) -> 31485033
A82: 8.02 | B82: Suministro e instalación G/escoba baldosa tipo terrazzo pulido y biselado | C82: m | D82: 258 | E82: ='APUS 7 -10'!E119 -> 31571 | F82: =ROUND(D82*E82,0) -> 8145318
A83: 8.03 | B83: Piso porcelanato gris mate rectificado con text. 0.6 x 0.6 antideslizante tipo EMOTION (decor) piedra grafito | C83: m² | D83: 35.6 | E83: ='APUS 7 -10'!E128 -> 108534 | F83: =ROUND(D83*E83,0) -> 3863810
A84: 8.04 | B84: Piso en tablón de gres 30 X 30 de Alfa ó similar (Incluye franjas en gravilla lavada según diseño) | C84: m² | D84: 33.98 | E84: ='APUS 7 -10'!E137 -> 64213 | F84: =ROUND(D84*E84,0) -> 2181958
A85: 8.05 | B85: Alistado de mortero para nivelación < e= 5,5cm | C85: m² | D85: 89.58 | E85: =+'APUS 7 -10'!E146 -> 31555 | F85: =ROUND(D85*E85,0) -> 2826697
A86: 8.06 | B86: Enchape porcelanato pared Blanco mate .60 x .60 tipo (rectificado) | C86: m² | D86: 149.3 | E86: =+'APUS 7 -10'!E151 -> 93045 | F86: =ROUND(D86*E86,0) -> 13891619
A87: 8.07 | B87: Empradización zonas verdes | C87: m² | D87: 420 | E87: =+'APUS 7 -10'!E159 -> 9025 | F87: =ROUND(D87*E87,0) -> 3790500
A88: 8.08 | B88: Cenefa en malla acero tipo cristanac para baños tipo Alfa a=0.30m | C88: ml | D88: 55 | E88: =+'APUS 7 -10'!E167 -> 63148 | F88: =ROUND(D88*E88,0) -> 3473140
A89: 8.09 | B89: Cielo raso en lámina de yeso 12mm junta perdida + estructura en perfilería galvanizada (Incluye tratamiento de juntas) | C89: m² | D89: 15 | E89: ='APUS 7 -10'!E175 -> 52326 | F89: =ROUND(D89*E89,0) -> 784890
A90: 8.10 | B90: Cielo raso en lámina de yeso RH 12mm junta perdida + estructura en perfilería galvanizada (Incluye tratamiento de juntas) | C90: m² | D90: 35.6 | E90: =+'APUS 7 -10'!E175 -> 52326 | F90: =ROUND(D90*E90,0) -> 1862806
A91: 8.11 | B91: Aplicación de ESTUCO + PINT VINIL TIPO 1 MUROS (3 manos) | C91: m² | D91: 762 | E91: ='APUS 7 -10'!E201 -> 22934 | F91: =ROUND(D91*E91,0) -> 17475708
A92: 8.12 | B92: Aplicación de ESTUCO + PINT VINIL TIPO 1 CIELOS (3 manos) | C92: m² | D92: 69 | E92: =+'APUS 7 -10'!E213 -> 25672 | F92: =ROUND(D92*E92,0) -> 1771368
A93: 8.13 | B93: Pintura texturizada hidrorepelente tipo silcoplast color (incluye base) | C93: m² | D93: 432 | E93: ='APUS 7 -10'!E224 -> 26709 | F93: =ROUND(D93*E93,0) -> 11538288
A94: 8.14 | B94: Suministro e instalación de adoquín peatonal 6 x 10 x 20 (color) (incluye cama de arena) | C94: m² | D94: 50.7 | E94: =+'APUS 7 -10'!E231 -> 76728 | F94: =ROUND(D94*E94,0) -> 3890110
A95: 8.15 | B95: Cinta de confinamiento para adoquines Secc 0.10 x 0.20 C20.7 mpa S/suelo (a la vista) (incluye dilataciones y refuerzo) | C95: m | D95: 42 | E95: =+'APUS 7 -10'!E239 -> 36176 | F95: =ROUND(D95*E95,0) -> 1519392
A96: 8.16 | B96: Cielo raso en lámina de yeso RF5/8" (doble lámina) junta perdida + estructura en perfilería galvanizada (Incluye tratamiento de juntas) | C96: m² | D96: 18.4 | E96: =+'APUS 7 -10'!E251 -> 113630 | F96: =ROUND(D96*E96,0) -> 2090792
A97: 8.17 | B97: Suministro e instalación de enchape en piedra arenisca tipo Labor (GRAMAR) (incluye carteras) Cortes y cantos a 45° | C97: m² | D97: 18.3 | E97: ='APUS 7 -10'!E265 -> 146614 | F97: =ROUND(D97*E97,0) -> 2683036
A98: 8.18 | B98: Suministro de instalación de mueble en madecor RH de 18mm + puertas y cajones con rieles full extension + mesón en granito san gabriel de 20mm con salpicadero y faldón (incluye equipo de horno y hornillas + pozuelo en acero inoxidable) | C98: ml | D98: 3.1 | E98: =+'APUS 7 -10'!E276 -> 1382639 | F98: =ROUND(D98*E98,0) -> 4286181
A99: 8.19 | B99: Grifería monocontrol cuello de ganso para lavaplatos de cuerpo metálico y sistema interior metálico | C99: Un | D99: 1 | E99: =+'APUS 7 -10'!E281 -> 369916 | F99: =ROUND(D99*E99,0) -> 369916
A100: 8.20 | B100: Alzado en concreto para mueble de cocina | C100: ml | D100: 3.1 | E100: =+'APUS 7 -10'!E287 -> 51805 | F100: =ROUND(D100*E100,0) -> 160596
A102: 9,00 CARPINTERIA METALICA
A103: 9.01 | B103: Cortasol Celoscreen liso en ALUMINIO + color + paso 150 (Incluye accesorios + estructura metálica adicional + porta panel) | C103: m² | D103: 166.464 | E103: ='APUS 7 -10'!E293 -> 368486 | F103: =ROUND(D103*E103,0) -> 61339654
A104: 9.02 | B104: Suministro e instalación de canal en lámina galvanizada cal 18 según diseño d <=1.10m (incluye washprimer + anticorrosivo + pintura esmalte) | C104: ml | D104: 12.65 | E104: =+'APUS 7 -10'!E305 -> 94615 | F104: =ROUND(D104*E104,0) -> 1196880
A105: 9.03 | B105: Pasamanos metálico tipo + anticorrosivo + pintura esmalte color gris aluminio según diseño, (incluye platinas y elementos de fijación) | C105: ml | D105: 26.55 | E105: =+'APUS 7 -10'!E315 -> 245897 | F105: =ROUND(D105*E105,0) -> 6528565
A106: 9.04 | B106: Cerramiento en tubería rectangular según diseño (incluye acabado) | C106: m² | D106: 204.6 | E106: =+'APUS 7 -10'!E328 -> 270430 | F106: =ROUND(D106*E106,0) -> 55329978
A108: 10,00 CARPINTERIA ALUMINIO
A109: 10.01 | B109: Suministro e instalación de Puerta Aluminio Tipo 1 (incluye chapa) | C109: m² | D109: 9.45 | E109: ='APUS 7 -10'!E340 -> 366994 | F109: =ROUND(D109*E109,0) -> 3468093
A110: 10.02 | B110: Suministro e instalación de Puerta Aluminio Tipo 2 (incluye chapa) | C110: m² | D110: 4.41 | E110: =+'APUS 7 -10'!E350 -> 358176 | F110: =ROUND(D110*E110,0) -> 1579556
A111: 10.03 | B111: Suministro e instalación de Puerta Aluminio Tipo 3 (incluye chapa) | C111: m² | D111: 11.76 | E111: =+'APUS 7 -10'!E360 -> 465036 | F111: =ROUND(D111*E111,0) -> 5468823
A112: 10.04 | B112: Suministro e instalación de Puerta Aluminio Tipo 4 (incluye chapa) | C112: m² | D112: 2.84 | E112: =+'APUS 7 -10'!E371 -> 369176 | F112: =ROUND(D112*E112,0) -> 1048460
A113: 10.05 | B113: Suministro e instalación de Puerta Aluminio Tipo 5 (incluye chapa) | C113: m² | D113: 12.6 | E113: =+'APUS 7 -10'!E381 -> 361726 | F113: =ROUND(D113*E113,0) -> 4557748
A114: 10.06 | B114: Suministro e instalación de Puerta Aluminio Tipo 6 (incluye chapa) | C114: m² | D114: 5.88 | E114: =+'APUS 7 -10'!E391 -> 379576 | F114: =ROUND(D114*E114,0) -> 2231907
A115: 10.07 | B115: Suministro e instalación de Puerta Aluminio Tipo 7 (incluye chapa) | C115: m² | D115: 7.2 | E115: =+'APUS 7 -10'!E401 -> 387774 | F115: =ROUND(D115*E115,0) -> 2791973
A116: 10.08 | B116: Suministro e instalación de Puerta Aluminio Tipo 8 (incluye chapa) | C116: m² | D116: 8.4 | E116: =+'APUS 7 -10'!E411 -> 387774 | F116: =ROUND(D116*E116,0) -> 3257302
A117: 10.09 | B117: Suministro e instalación de Puerta Cortafuego Certificada (incluye ceradura antipánico) - Tipo 9 | C117: m² | D117: 12.6 | E117: =+'APUS 7 -10'!E422 -> 891334 | F117: =ROUND(D117*E117,0) -> 11230808
...

Sheet APUS 7 -10
A5: ='PPTO OFICIAL'!A70 -> 7.01 | B5: ='PPTO OFICIAL'!B70 -> MURO LADRILLO FAROL PAND W=0.10m | C5: ='PPTO OFICIAL'!C70 -> m² | E5: =ROUND(SUM(G5:G11),0) -> 47002 | H5: 47037
B6: Ladrillo farol rayado de 0,10 x 0,20 x 0,30 m | C6: Un | D6: 17.5 | E6: 906 | F6: 1.03 | G6: =ROUND((D6*E6*F6),0) -> 16331
B7: Mortero 1:3 (producción) | C7: M3 | D7: 0.021 | E7: 408916 | F7: 1.05 | G7: =ROUND((D7*E7*F7),0) -> 9017
B8: Cuadrilla A 1 Of + 1 Ay (jornal + prestaciones) | C8: Día | D8: 1 | E8: 145503 | F8: 0.13245443 | G8: =ROUND((D8*E8*F8),0) -> 19273
B9: Herramienta menor (% mano obra) | C9: %MO | D9: 0.05 | E9: =G8 -> 19273 | F9: 0 | G9: =ROUND((D9*E9),0) -> 964
B10: Acarreo horizontal | C10: %MO | D10: 1.05 | E10: =G9 -> 964 | G10: =D10*E10 -> 1012.2
B11: Andamio (% mano obra) | C11: %MO | D11: 0.021 | E11: =G8 -> 19273 | F11: 0 | G11: =ROUND((D11*E11),0) -> 405
A14: ='PPTO OFICIAL'!A71 -> 7.02 | B14: ='PPTO OFICIAL'!B71 -> Viga amarre muros Conf C20.7MPa +Rf | C14: ='PPTO OFICIAL'!C71 -> m | E14: =ROUND(SUM(G14:G25),0) -> 36576 | H14: 36105
B15: Tabla para formaleta de 1" x 10" x 2,9 m | C15: M | D15: 2 | E15: 3650 | F15: =1/3 -> 0.33333333 | G15: =ROUND((D15*E15*F15),0) -> 2433
B16: Puntilla (promedio) | C16: Lb | D16: 0.1 | E16: 2670 | F16: 0 | G16: =ROUND((D16*E16),0) -> 267
B17: ACPM | C17: Gl | D17: 0.05 | E17: 7500 | F17: 0 | G17: =ROUND((D17*E17),0) -> 375
B18: Antisol blanco | C18: Kg | D18: 0.1 | E18: 6545 | F18: 1.03 | G18: =ROUND((D18*E18*F18),0) -> 674
B19: Varillón de sajo 3x3 | C19: M | D19: 2 | E19: 2100 | F19: =1/3 -> 0.33333333 | G19: =ROUND((D19*E19*F19),0) -> 1400
B20: Concreto de 20,7 Mpa (producción) | C20: M3 | D20: =0.1*0.25 -> 0.025 | E20: 382058 | F20: 0.85593271 | G20: =ROUND((D20*E20*F20),0) -> 8175
B21: Acero Fy = 60.000 psi d>1/4" | C21: Kg | D21: 1.4 | E21: ='APUS primarios'!$E$72 -> 6671 | F21: 0 | G21: =ROUND((D21*E21),0) -> 9339
B22: Cuadrilla B 1 Of + 2 Ay (jornal + prestaciones) | C22: Día | D22: 1 | E22: 197468 | F22: 0.06 | G22: =ROUND((D22*E22*F22),0) -> 11848
B23: Herramienta menor (% mano obra) | C23: %MO | D23: 0.05 | E23: =G22 -> 11848 | F23: 0 | G23: =ROUND((D23*E23),0) -> 592
B24: Andamio (% mano obra) | C24: %MO | D24: 0.05 | E24: =G22 -> 11848 | F24: 0 | G24: =ROUND((D24*E24),0) -> 592
B25: Ensayo resistencia concretos | C25: Un | D25: =5/50 -> 0.1 | E25: 8806 | F25: 0 | G25: =ROUND((D25*E25),0) -> 881
A28: ='PPTO OFICIAL'!A72 -> 7.03 | B28: ='PPTO OFICIAL'!B72 -> Col RECT Conf C20.7MPa +Rf | C28: ='PPTO OFICIAL'!C72 -> m | E28: =ROUND(SUM(G28:G39),0) -> 39880 | H28: 39355
B29: Tabla para formaleta de 1" x 10" x 2,9 m | C29: M | D29: 2 | E29: 3650 | F29: =1/3 -> 0.33333333 | G29: =ROUND((D29*E29*F29),0) -> 2433
B30: Puntilla (promedio) | C30: Lb | D30: 0.1 | E30: 2670 | F30: 0 | G30: =ROUND((D30*E30),0) -> 267
B31: ACPM | C31: Gl | D31: 0.05 | E31: 7500 | F31: 0 | G31: =ROUND((D31*E31),0) -> 375
B32: Antisol blanco | C32: Kg | D32: 0.1 | E32: 6545 | F32: 1.03 | G32: =ROUND((D32*E32*F32),0) -> 674
B33: Varillón de sajo 3x3 | C33: M | D33: 2 | E33: 2100 | F33: 0.116 | G33: =ROUND((D33*E33*F33),0) -> 487
B34: Concreto de 20,7 Mpa (producción) | C34: M3 | D34: 0.025 | E34: 382058 | F34: 1 | G34: =ROUND((D34*E34*F34),0) -> 9551
B35: Acero Fy = 60.000 psi d>1/4" | C35: Kg | D35: 1.5 | E35: ='APUS primarios'!$E$72 -> 6671 | F35: 0 | G35: =ROUND((D35*E35),0) -> 10007
B36: Cuadrilla B 1 Of + 2 Ay (jornal + prestaciones) | C36: Día | D36: 1 | E36: 197468 | F36: 0.07 | G36: =ROUND((D36*E36*F36),0) -> 13823
B37: Herramienta menor (% mano obra) | C37: %MO | D37: 0.05 | E37: =G36 -> 13823 | F37: 0 | G37: =ROUND((D37*E37),0) -> 691
B38: Andamio (% mano obra) | C38: %MO | D38: 0.05 | E38: =G36 -> 13823 | F38: 0 | G38: =ROUND((D38*E38),0) -> 691
B39: Ensayo resistencia concretos | C39: Un | D39: =5/50 -> 0.1 | E39: 8806 | F39: 0 | G39: =ROUND((D39*E39),0) -> 881
A42: ='PPTO OFICIAL'!A73 -> 7.04 | B42: ='PPTO OFICIAL'!B73 -> Instalación de muro seco en lámina de fibrocemento FC 10mm (1 cara) Fachada (Incluye montaje en altura + sum e inst perfilería de soporte, tratamiento de juntas + estuco plástico) | C42: ='PPTO OFICIAL'!C73 -> m² | E42: =ROUND(SUM(G42:G51),0) -> 84055 | H42: 90772
B43: Canal 90 en 2,4 calibre 24 | C43: Un | D43: 0.42 | E43: 4500 | F43: 1.1 | G43: =ROUND((D43*E43*F43),0) -> 2079
B44: Paral 89 en 2,4 m calibre 24 | C44: Un | D44: 0.42 | E44: 4800 | F44: 1.1 | G44: =ROUND((D44*E44*F44),0) -> 2218
B45: Lámina de fibrocemento de 10 mm | C45: M2 | D45: 1 | E45: 27301 | F45: 1.1 | G45: =ROUND((D45*E45*F45),0) -> 30031
B46: Tornillo drywall 6 x 1" | C46: Un | D46: 35 | E46: 25 | F46: 0 | G46: =ROUND((D46*E46),0) -> 875
B47: Tornillo estructura drywall 8 x 12" | C47: Un | D47: 25 | E47: 39 | F47: 0 | G47: =ROUND((D47*E47),0) -> 975
B48: Cinta de papel | C48: M | D48: 2.5 | E48: 171 | F48: 0 | G48: =ROUND((D48*E48),0) -> 428
B49: Estuco listo | C49: Kg | D49: 0.45 | E49: 2450 | F49: 1.05 | G49: =ROUND((D49*E49*F49),0) -> 1158
B50: Cuadrilla A 1 Of + 1 Ay (jornal + prestaciones) | C50: Día | D50: 1 | E50: 145503 | F50: 0.303 | G50: =ROUND((D50*E50*F50),0) -> 44087
B51: Herramienta menor (% mano obra) | C51: %MO | D51: 0.05 | E51: =G50 -> 44087 | F51: 0 | G51: =ROUND((D51*E51),0) -> 2204
A54: ='PPTO OFICIAL'!A74 -> 7.05 | B54: ='PPTO OFICIAL'!B74 -> Muro seco Superboard FC 8mm (2F) (incluye perfilería cal 24 + tratamiento de juntas) | C54: ='PPTO OFICIAL'!C85 -> m² | E54: =ROUND(SUM(G54:G62),0) -> 116286 | H54: 119627
B55: Canal 90 en 2,4 calibre 24 | C55: Un | D55: 0.42 | E55: 4500 | F55: 1.1 | G55: =ROUND((D55*E55*F55),0) -> 2079
B56: Paral 89 en 2,4 m calibre 24 | C56: Un | D56: 0.42 | E56: 4800 | F56: 1.1 | G56: =ROUND((D56*E56*F56),0) -> 2218
B57: Lámina de fibrocemento de 8 mm | C57: M2 | D57: 2 | E57: 23400 | F57: 1.1 | G57: =ROUND((D57*E57*F57),0) -> 51480
B58: Tornillo drywall 6 x 1" | C58: Un | D58: 35 | E58: 25 | F58: 0 | G58: =ROUND((D58*E58),0) -> 875
B59: Tornillo estructura drywall 8 x 12" | C59: Un | D59: 25 | E59: 78 | F59: 0 | G59: =ROUND((D59*E59),0) -> 1950
B60: Cinta de papel | C60: M | D60: 2.5 | E60: 284 | F60: 0 | G60: =ROUND((D60*E60),0) -> 710
B61: Cuadrilla A 1 Of + 1 Ay (jornal + prestaciones) | C61: Día | D61: 1 | E61: 145503 | F61: 0.37291847 | G61: =ROUND((D61*E61*F61),0) -> 54261
B62: Herramienta menor (% mano obra) | C62: %MO | D62: 0.05 | E62: =G61 -> 54261 | F62: 0 | G62: =ROUND((D62*E62),0) -> 2713
A65: ='PPTO OFICIAL'!A75 -> 7.06 | B65: ='PPTO OFICIAL'!B75 -> Bordillo en concreto C20.7 Secc 0.09 x 0.14 S/placa para apoyo de muro en sistema liviano (incluye dilataciones y refuerzo) (no incluye anclajes) | C65: ='PPTO OFICIAL'!C75 -> m | E65: =ROUND(SUM(G65:G74),0) -> 37850
B66: Tabla para formaleta de 1" x 10" x 2,9 m | C66: M | D66: 2 | E66: 3650 | F66: =1/3 -> 0.33333333 | G66: =ROUND((D66*E66*F66),0) -> 2433
B67: Cuartón de sajo 2" x 4" x 2,9 m | C67: M | D67: 0.5 | E67: 3250 | F67: =1/3 -> 0.33333333 | G67: =ROUND((D67*E67*F67),0) -> 542
B68: Puntilla (promedio) | C68: Lb | D68: 0.05 | E68: 2670 | F68: 0 | G68: =ROUND((D68*E68),0) -> 134
B69: Antisol blanco | C69: Kg | D69: 0.2 | E69: 6545 | F69: 1.03 | G69: =ROUND((D69*E69*F69),0) -> 1348
B70: Acero Fy = 60.000 psi d>1/4" | C70: Kg | D70: 1 | E70: ='APUS primarios'!$E$72 -> 6671 | F70: 0.2 | G70: =ROUND((D70*E70),0) -> 6671
B71: ACPM | C71: Gl | D71: 0.05 | E71: 7500 | F71: 0 | G71: =ROUND((D71*E71),0) -> 375
B72: Concreto de 20,7 Mpa (producción) | C72: M3 | D72: =0.09*0.14 -> 0.0126 | E72: 382058 | F72: 1.05 | G72: =ROUND((D72*E72*F72),0) -> 5055
B73: Cuadrilla E 1 Of + 1 Ay (jornal + prestaciones) | C73: Día | D73: 1 | E73: =' MANO DE OBRA'!$F$46 -> 148119 | F73: =1/8 -> 0.125 | G73: =ROUND((D73*E73*F73),0) -> 18515
B74: Herramienta menor (% mano obra) | C74: %MO | D74: 0.15 | E74: =G73 -> 18515 | F74: 0 | G74: =ROUND((D74*E74),0) -> 2777
A77: ='PPTO OFICIAL'!A76 -> 7.07 | B77: ='PPTO OFICIAL'!B76 -> Revoque muros interiores y exteriores (incluye carteras+filos+dilataciones) | C77: ='PPTO OFICIAL'!C76 -> m² | E77: =ROUND(SUM(G77:G81),0) -> 29484 | H77: 28264
A78: ITEMS | B78: Mortero 1:3 (producción) | C78: M3 | D78: 0.03 | E78: 408916 | F78: 1.05 | G78: =ROUND((D78*E78*F78),0) -> 12881
A79: M . O | B79: Cuadrilla A 1 Of + 1 Ay (jornal + prestaciones) | C79: Día | D79: 1 | E79: =' MANO DE OBRA'!F46 -> 148119 | F79: 0.10189464 | G79: =ROUND((D79*E79*F79),0) -> 15093
A80: EQUIPO | B80: Andamio (% mano obra) | C80: %MO | D80: 0.05 | E80: =G79 -> 15093 | F80: 0 | G80: =ROUND((D80*E80),0) -> 755
B81: Herramienta menor (% mano obra) | C81: %MO | D81: 0.05 | E81: =G79 -> 15093 | F81: 0 | G81: =ROUND((D81*E81),0) -> 755
A84: ='PPTO OFICIAL'!A77 -> 7.08 | B84: ='PPTO OFICIAL'!B77 -> Alfajía en concreto a la vista (sencilla 1 cortagotera) (incluye refuerzo) | C84: ='PPTO OFICIAL'!C77 -> m | E84: =ROUND(SUM(G84:G93),0) -> 49374 | H84: 50082
B85: Tabla para formaleta de 1" x 10" x 2,9 m | C85: M | D85: 1 | E85: 3650 | F85: =1/3 -> 0.33333333 | G85: =ROUND((D85*E85*F85),0) -> 1217
B86: Puntilla (promedio) | C86: Lb | D86: 0.2 | E86: 2670 | F86: 0 | G86: =ROUND((D86*E86),0) -> 534
B87: ACPM | C87: Gl | D87: 0.05 | E87: 7500 | F87: 0 | G87: =ROUND((D87*E87),0) -> 375
B88: Antisol blanco | C88: Kg | D88: 0.1 | E88: 6545 | F88: 1.03 | G88: =ROUND((D88*E88*F88),0) -> 674
B89: Varillón de sajo 3x3 | C89: M | D89: 1 | E89: 2100 | F89: =1/3 -> 0.33333333 | G89: =ROUND((D89*E89*F89),0) -> 700
B90: Concreto de 20,7 Mpa (producción) | C90: M3 | D90: 0.025 | E90: 382058 | F90: 1.05 | G90: =ROUND((D90*E90*F90),0) -> 10029
B91: Acero Fy = 60.000 psi | C91: Kg | D91: 1 | E91: ='APUS primarios'!E72 -> 6671 | F91: 0.2 | G91: =ROUND((D91*E91*F91),0) -> 1334
B92: Cuadrilla B 1 Of + 2 Ay (jornal + prestaciones) | C92: Día | D92: 1 | E92: 197468 | F92: 0.16644843 | G92: =ROUND((D92*E92*F92),0) -> 32868
B93: Herramienta menor (% mano obra) | C93: %MO | D93: 0.05 | E93: =G92 -> 32868 | F93: 0 | G93: =ROUND((D93*E93),0) -> 1643
A96: ='PPTO OFICIAL'!A78 -> 7.09 | B96: ='PPTO OFICIAL'!B78 -> Alfajía en concreto a la vista (doble cortagotera) (incluye refuerzo) | C96: ='PPTO OFICIAL'!C78 -> m | E96: =ROUND(SUM(G96:G105),0) -> 51552 | H96: 52154
B97: Tabla para formaleta de 1" x 10" x 2,9 m | C97: M | D97: 1 | E97: 3650 | F97: =1/3 -> 0.33333333 | G97: =ROUND((D97*E97*F97),0) -> 1217
B98: Puntilla (promedio) | C98: Lb | D98: 0.2 | E98: 2670 | F98: 0 | G98: =ROUND((D98*E98),0) -> 534
B99: ACPM | C99: Gl | D99: 0.05 | E99: 7500 | F99: 0 | G99: =ROUND((D99*E99),0) -> 375
B100: Antisol blanco | C100: Kg | D100: 0.1 | E100: 6545 | F100: 1.03 | G100: =ROUND((D100*E100*F100),0) -> 674
B101: Varillón de sajo 3x3 | C101: M | D101: 1 | E101: 2100 | F101: =1/3 -> 0.33333333 | G101: =ROUND((D101*E101*F101),0) -> 700
B102: Concreto de 20,7 Mpa (producción) | C102: M3 | D102: 0.028 | E102: 382058 | F102: 1.05 | G102: =ROUND((D102*E102*F102),0) -> 11233
B103: Acero Fy = 60.000 psi | C103: Kg | D103: 1 | E103: ='APUS primarios'!E72 -> 6671 | F103: 0.2 | G103: =ROUND((D103*E103*F103),0) -> 1334
B104: Cuadrilla B 1 Of + 2 Ay (jornal + prestaciones) | C104: Día | D104: 1 | E104: 197468 | F104: 0.17114104 | G104: =ROUND((D104*E104*F104),0) -> 33795
B105: Herramienta menor (% mano obra) | C105: %MO | D105: 0.05 | E105: =G104 -> 33795 | F105: 0 | G105: =ROUND((D105*E105),0) -> 1690
A107: ='PPTO OFICIAL'!A81 -> 8.01 | B107: ='PPTO OFICIAL'!B81 -> Suministro e instalación de piso baldosa de grano tipo terrazzo blanco huila grano N° 1 y 2, destroncado y pulido (Incluye alistado en mortero y dilataciones plásticas) | C107: ='PPTO OFICIAL'!C81 -> m² | E107: =ROUND(SUM(G107:G117),0) -> 103911
B108: Cemento blanco | C108: Kg | D108: 2 | E108: 1155 | F108: 1.05 | G108: =ROUND((D108*E108*F108),0) -> 2426
B109: Cera | C109: Lb | D109: 0.04 | E109: 7082 | F109: 0 | G109: =ROUND((D109*E109),0) -> 283
B110: Dilatación PVC flexible ancha x 2 m | C110: M | D110: 1.75 | E110: 1850 | F110: 0 | G110: =ROUND((D110*E110),0) -> 3238
B111: Mortero 1:3 (producción) | C111: M3 | D111: 0.035 | E111: 408916 | F111: 1.05 | G111: =ROUND((D111*E111*F111),0) -> 15028
B112: Baldosa tipo Terrazzo No. 1 P5B de 30 x 30 cm | C112: M2 | D112: 1 | E112: 44699 | F112: 1.03 | G112: =ROUND((D112*E112*F112),0) -> 46040
B113: Boquilla para enchape | C113: Kg | D113: 0.35 | E113: 4800 | F113: 1.05 | G113: =ROUND((D113*E113*F113),0) -> 1764
B114: Fijador de cerámica | C114: Kg | D114: 4 | E114: 1150 | F114: 1.05 | G114: =ROUND((D114*E114*F114),0) -> 4830
B115: Cuadrilla A 1 Of + 1 Ay (jornal + prestaciones) | C115: Día | D115: 1 | E115: 145503 | F115: 0.16 | G115: =ROUND((D115*E115*F115),0) -> 23280
B116: Herramienta menor (% mano obra) | C116: %MO | D116: 0.1 | E116: =G115 -> 23280 | F116: 0 | G116: =ROUND((D116*E116),0) -> 2328
B117: Pulidora sin operario | C117: Día | D117: 1 | E117: 46938 | F117: =1/10 -> 0.1 | G117: =ROUND((D117*E117*F117),0) -> 4694
A119: ='PPTO OFICIAL'!A82 -> 8.02 | B119: ='PPTO OFICIAL'!B82 -> Suministro e instalación G/escoba baldosa tipo terrazzo pulido y biselado | C119: ='PPTO OFICIAL'!C82 -> m | E119: =ROUND(SUM(G119:G126),0) -> 31571
B120: Cemento blanco | C120: Kg | D120: 0.2 | E120: 1155 | F120: 1.05 | G120: =ROUND((D120*E120*F120),0) -> 243
B121: Dilatación PVC flexible ancha x 2 m | C121: M | D121: 1 | E121: 1850 | F121: 0 | G121: =ROUND((D121*E121),0) -> 1850
B122: Guarda escobas blanco huila biselado | C122: m | D122: 1 | E122: 19800 | F122: 1.05 | G122: =ROUND((D122*E122*F122),0) -> 20790
...

Sheet APU´S ELECTRICOS
B4: CONSTRUCCIÓN DE LA NUEVA ESTACIÓN DEL CUERPO DE BOMBEROS LOCALIZADA EN EL SECTOR DE LAS BRISAS DE LA CIUDAD DE PEREIRA
A9: ANÁLISIS DE PRECIOS UNITARIOS
A11: 12.01 | B11: Suministro e instalación de salidas de iluminación en tubería emt 3/4" y cable No 12 awg LS HF, longitud aproximada 4m (incluye tubería, cable especificado, conectores de resorte y accesorios para su correcta instalación) | C11: Unidad: | D11: UN
B12: MATERIALES | C12: UNIDAD | D12: CANT. | E12: VR. PARCIAL | F12: VR. TOTAL
B13: Cable de CU 12 AWG, (LS) Baja emisión de humos, (HF) Libre de Alogenos, (FR) Retardante a la llama, (CT) Apto para bandeja tipo CT, (PE) Aislado con Poliolefina | C13: m | D13: 12 | E13: 2677 | F13: =ROUND(E13*D13,0) -> 32124
B14: Cable encauchetado Cu AWG 3X14 | C14: m | D14: 1.5 | E14: =6457*0.7*1.19 -> 5378.681 | F14: =ROUND(E14*D14,0) -> 8068
B15: Clavija 15A | C15: un | D15: 1 | E15: 2500 | F15: =ROUND(E15*D15,0) -> 2500
B16: Caja galvanizada + suplemento | C16: un | D16: 1 | E16: =3250*1.19 -> 3867.5 | F16: =ROUND(E16*D16,0) -> 3868
B17: Tubo conduit emt 3/4" X 3m | C17: un | D17: =1*1.33333333333333 -> 1.3333333 | E17: 16000 | F17: =ROUND(E17*D17,0) -> 21333
B18: Terminal emt de 3/4" | C18: un | D18: 2 | E18: =700*1.19 -> 833 | F18: =ROUND(E18*D18,0) -> 1666
B19: Toma leviton Crema + tapa | C19: un | D19: 1 | E19: =9800*1.19 -> 11662 | F19: =ROUND(E19*D19,0) -> 11662
B20: Conector 3M | C20: un | D20: 3 | E20: =500*1.19 -> 595 | F20: =ROUND(E20*D20,0) -> 1785
B21: MANO DE OBRA | F21: =ROUND(E21*D21,0) -> 0
B22: Cuadrilla J (1 Of eléctrico+1Ay eléctrico) (jornal + prestaciones) | C22: JN | D22: 0.25 | E22: 167525 | F22: =ROUND(E22*D22,0) -> 41881
B23: HERRAMIENTA Y EQUIPO | F23: =ROUND(E23*D23,0) -> 0
B24: HERRAMIENTA MENOR | C24: GLB | D24: 0.05 | E24: =+F22 -> 41881 | F24: =ROUND(E24*D24,0) -> 2094
B25: TOTAL/REDONDEADO | F25: =ROUND(SUM(F13:F24),0) -> 126981
A28: 12.02 | B28: Suministro e instalación de salidas de tomacorrientes red normal en tubería pvc 3/4" y cable No 12 awg LS HF, longitud aproximada 5m (incluye tubería, cable especificado,conectores de resorte, tomacorriente doble 15A color blanco y accesorios para su correcta instalación) | C28: Unidad: | D28: UN
B29: MATERIALES | C29: UNIDAD | D29: CANT. | E29: VR. PARCIAL | F29: VR. TOTAL
B30: Cable de CU 12 AWG, (LS) Baja emisión de humos, (HF) Libre de Alogenos, (FR) Retardante a la llama, (CT) Apto para bandeja tipo CT, (PE) Aislado con Poliolefina | C30: m | D30: 15 | E30: 2677 | F30: =ROUND(E30*D30,0) -> 40155
B31: Caja 4X4 PVC + suplemento | C31: un | D31: 1 | E31: =1250*1.19 -> 1487.5 | F31: =ROUND(E31*D31,0) -> 1488
B32: Tubo Conduit PVC tipo pesado de 3/4" x 3mt | C32: un | D32: 1.67 | E32: 6021 | F32: =ROUND(E32*D32,0) -> 10055
B33: Terminal pvc de 3/4" | C33: un | D33: 2 | E33: 463 | F33: =ROUND(E33*D33,0) -> 926
B34: Tomacorriente doble con polo a tierra | C34: un | D34: 1 | E34: =9800*1.19 -> 11662 | F34: =ROUND(E34*D34,0) -> 11662
B35: Conector 3M | C35: un | D35: 3 | E35: =500*1.19 -> 595 | F35: =ROUND(E35*D35,0) -> 1785
B36: MANO DE OBRA | F36: =ROUND(E36*D36,0) -> 0
B37: Cuadrilla J (1 Of eléctrico+1Ay eléctrico) (jornal + prestaciones) | C37: JN | D37: 0.25 | E37: 167525 | F37: =ROUND(E37*D37,0) -> 41881
B38: HERRAMIENTA Y EQUIPO | F38: =ROUND(E38*D38,0) -> 0
B39: HERRAMIENTA MENOR | C39: GLB | D39: 0.05 | E39: =+F37 -> 41881 | F39: =ROUND(E39*D39,0) -> 2094
B40: TOTAL/REDONDEADO | F40: =ROUND(SUM(F29:F39),0) -> 110046
A43: 12.03 | B43: Suministro e instalación de salidas de tomacorrientes GFCI en tubería emt 3/4" y cable No 12 awg LS HF, longitud aproximada 5m (incluye tubería, cable especificado, conectores de resorte, tomacorriente doble 15A gfci y accesorios para su correcta instalación) | C43: Unidad: | D43: UN
B44: MATERIALES | C44: UNIDAD | D44: CANT. | E44: VR. PARCIAL | F44: VR. TOTAL
B45: Cable de CU 12 AWG, (LS) Baja emisión de humos, (HF) Libre de Alogenos, (FR) Retardante a la llama, (CT) Apto para bandeja tipo CT, (PE) Aislado con Poliolefina | C45: m | D45: 15 | E45: 2677 | F45: =ROUND(E45*D45,0) -> 40155
B46: Caja 4X4 PVC + suplemento | C46: un | D46: 1 | E46: =1250*1.19 -> 1487.5 | F46: =ROUND(E46*D46,0) -> 1488
B47: Tubo Conduit PVC tipo pesado de 3/4" x 3mt | C47: un | D47: 1.67 | E47: 6021 | F47: =ROUND(E47*D47,0) -> 10055
B48: Terminal pvc de 3/4" | C48: un | D48: 2 | E48: 463 | F48: =ROUND(E48*D48,0) -> 926
B49: Tomacorriente doble con polo a tierra con prteccion gfci | C49: un | D49: 1 | E49: =39800*1.19 -> 47362 | F49: =ROUND(E49*D49,0) -> 47362
B50: Conector 3M | C50: un | D50: 3 | E50: =500*1.19 -> 595 | F50: =ROUND(E50*D50,0) -> 1785
B51: MANO DE OBRA | F51: =ROUND(E51*D51,0) -> 0
B52: Cuadrilla J (1 Of eléctrico+1Ay eléctrico) (jornal + prestaciones) | C52: JN | D52: 0.25 | E52: 167525 | F52: =ROUND(E52*D52,0) -> 41881
B53: HERRAMIENTA Y EQUIPO | F53: =ROUND(E53*D53,0) -> 0
B54: HERRAMIENTA MENOR | C54: GLB | D54: 0.05 | E54: =+F52 -> 41881 | F54: =ROUND(E54*D54,0) -> 2094
B55: TOTAL/REDONDEADO | F55: =ROUND(SUM(F44:F54),0) -> 145746
A58: 12.04 | B58: Suministro e instalación de salidas de tomacorrientes red regulada en tubería emt 3/4" y cable No 12 awg LS HF, longitud aproximada 5m (incluye tubería, cable especificado, conectores de resorte, tomacorriente doble 15A color naranja y accesorios para su correcta instalación) | C58: Unidad: | D58: UN
B59: MATERIALES | C59: UNIDAD | D59: CANT. | E59: VR. PARCIAL | F59: VR. TOTAL
B60: Cable de CU 12 AWG, (LS) Baja emisión de humos, (HF) Libre de Alogenos, (FR) Retardante a la llama, (CT) Apto para bandeja tipo CT, (PE) Aislado con Poliolefina | C60: m | D60: 15 | E60: 2677 | F60: =ROUND(E60*D60,0) -> 40155
B61: Caja 4X4 PVC + suplemento | C61: un | D61: 1 | E61: =1250*1.19 -> 1487.5 | F61: =ROUND(E61*D61,0) -> 1488
B62: Tubo Conduit PVC tipo pesado de 3/4" x 3mt | C62: un | D62: 1.67 | E62: 6021 | F62: =ROUND(E62*D62,0) -> 10055
B63: Terminal pvc de 3/4" | C63: un | D63: 2 | E63: 463 | F63: =ROUND(E63*D63,0) -> 926
B64: Tomacorriente doble color naranja | C64: un | D64: 1 | E64: =12800*1.19 -> 15232 | F64: =ROUND(E64*D64,0) -> 15232
B65: Conector 3M | C65: un | D65: 3 | E65: =500*1.19 -> 595 | F65: =ROUND(E65*D65,0) -> 1785
B66: MANO DE OBRA | F66: =ROUND(E66*D66,0) -> 0
B67: Cuadrilla J (1 Of eléctrico+1Ay eléctrico) (jornal + prestaciones) | C67: JN | D67: 0.25 | E67: 167525 | F67: =ROUND(E67*D67,0) -> 41881
B68: HERRAMIENTA Y EQUIPO | F68: =ROUND(E68*D68,0) -> 0
B69: HERRAMIENTA MENOR | C69: GLB | D69: 0.05 | E69: =+F67 -> 41881 | F69: =ROUND(E69*D69,0) -> 2094
B70: TOTAL/REDONDEADO | F70: =ROUND(SUM(F59:F69),0) -> 113616
A73: 12.05 | B73: Suministro e instalación de salida de televisión solo ducto 3/4" emt (incluye tubería y accesorios para su correcta instalación) | C73: Unidad: | D73: UN
B74: MATERIALES | C74: UNIDAD | D74: CANT. | E74: VR. PARCIAL | F74: VR. TOTAL
B75: Caja 4X4 PVC + suplemento | C75: un | D75: 1 | E75: =1250*1.19 -> 1487.5 | F75: =ROUND(E75*D75,0) -> 1488
B76: Tubo Conduit PVC tipo pesado de 3/4" x 3mt | C76: un | D76: 3 | E76: 6021 | F76: =ROUND(E76*D76,0) -> 18063
B77: Terminal pvc de 3/4" | C77: un | D77: 2 | E77: 463 | F77: =ROUND(E77*D77,0) -> 926
B78: MANO DE OBRA | F78: =ROUND(E78*D78,0) -> 0
B79: Cuadrilla J (1 Of eléctrico+1Ay eléctrico) (jornal + prestaciones) | C79: JN | D79: 0.12 | E79: 167525 | F79: =ROUND(E79*D79,0) -> 20103
B80: HERRAMIENTA Y EQUIPO | F80: =ROUND(E80*D80,0) -> 0
B81: HERRAMIENTA MENOR | C81: GLB | D81: 0.05 | E81: =+F79 -> 20103 | F81: =ROUND(E81*D81,0) -> 1005
B82: TOTAL/REDONDEADO | F82: =ROUND(SUM(F74:F81),0) -> 41585
A85: 12.06 | B85: Suministro e instalación de salida electrica para interruptor sencillo 15A en tubería emt 3/4" y cable No 12 awg LS HF, longitud aproximada 4m (incluye tubería, cable especificado, conectores de resorte y accesorios para su correcta instalación) | C85: Unidad: | D85: UN
B86: MATERIALES | C86: UNIDAD | D86: CANT. | E86: VR. PARCIAL | F86: VR. TOTAL
B87: Cable de CU 12 AWG, (LS) Baja emisión de humos, (HF) Libre de Alogenos, (FR) Retardante a la llama, (CT) Apto para bandeja tipo CT, (PE) Aislado con Poliolefina | C87: m | D87: 12 | E87: 2677 | F87: =ROUND(E87*D87,0) -> 32124
B88: Caja galvanizada + suplemento | C88: un | D88: 1 | E88: =3250*1.19 -> 3867.5 | F88: =ROUND(E88*D88,0) -> 3868
B89: Tubo conduit emt 3/4" X 3m | C89: un | D89: 1.33 | E89: 16000 | F89: =ROUND(E89*D89,0) -> 21280
B90: Terminal emt de 3/4" | C90: un | D90: 2 | E90: =700*1.19 -> 833 | F90: =ROUND(E90*D90,0) -> 1666
B91: Interrumtor sencillo 15A | C91: un | D91: 1 | E91: =12800*1.19 -> 15232 | F91: =ROUND(E91*D91,0) -> 15232
B92: Conector 3M | C92: un | D92: 3 | E92: =500*1.19 -> 595 | F92: =ROUND(E92*D92,0) -> 1785
B93: MANO DE OBRA | F93: =ROUND(E93*D93,0) -> 0
B94: Cuadrilla J (1 Of eléctrico+1Ay eléctrico) (jornal + prestaciones) | C94: JN | D94: 0.25 | E94: 167525 | F94: =ROUND(E94*D94,0) -> 41881
B95: HERRAMIENTA Y EQUIPO | F95: =ROUND(E95*D95,0) -> 0
B96: HERRAMIENTA MENOR | C96: GLB | D96: 0.05 | E96: =+F94 -> 41881 | F96: =ROUND(E96*D96,0) -> 2094
B97: TOTAL/REDONDEADO | F97: =ROUND(SUM(F86:F96),0) -> 119930
A100: 12.07 | B100: Suministro e instalación de salida electrica interruptor 15A doble en tubería emt 3/4" y cable No 12 awg LS HF, longitud aproximada 4m (incluye tubería, cable especificado, conectores de resorte y accesorios para su correcta instalación) | C100: Unidad: | D100: UN
B101: MATERIALES | C101: UNIDAD | D101: CANT. | E101: VR. PARCIAL | F101: VR. TOTAL
B102: Cable de CU 12 AWG, (LS) Baja emisión de humos, (HF) Libre de Alogenos, (FR) Retardante a la llama, (CT) Apto para bandeja tipo CT, (PE) Aislado con Poliolefina | C102: m | D102: 16 | E102: 2677 | F102: =ROUND(E102*D102,0) -> 42832
B103: Caja galvanizada + suplemento | C103: un | D103: 1 | E103: =3250*1.19 -> 3867.5 | F103: =ROUND(E103*D103,0) -> 3868
B104: Tubo conduit emt 3/4" X 3m | C104: un | D104: 1.33 | E104: 16000 | F104: =ROUND(E104*D104,0) -> 21280
B105: Terminal emt de 3/4" | C105: un | D105: 2 | E105: =700*1.19 -> 833 | F105: =ROUND(E105*D105,0) -> 1666
B106: Interrumtor sencillo 15A | C106: un | D106: 1 | E106: =12800*1.19 -> 15232 | F106: =ROUND(E106*D106,0) -> 15232
B107: Conector 3M | C107: un | D107: 3 | E107: =500*1.19 -> 595 | F107: =ROUND(E107*D107,0) -> 1785
B108: MANO DE OBRA | F108: =ROUND(E108*D108,0) -> 0
B109: Cuadrilla J (1 Of eléctrico+1Ay eléctrico) (jornal + prestaciones) | C109: JN | D109: 0.25 | E109: 167525 | F109: =ROUND(E109*D109,0) -> 41881
B110: HERRAMIENTA Y EQUIPO | F110: =ROUND(E110*D110,0) -> 0
B111: HERRAMIENTA MENOR | C111: GLB | D111: 0.05 | E111: =+F109 -> 41881 | F111: =ROUND(E111*D111,0) -> 2094
B112: TOTAL/REDONDEADO | F112: =ROUND(SUM(F101:F111),0) -> 130638
A115: 12.08 | B115: Suministro e instalación de salida electrica interruptor 15A conmutable en tubería emt 3/4" y cable No 12 awg LS HF, longitud aproximada 4m (incluye tubería, cable especificado, conectores de resorte y accesorios para su correcta instalación) | C115: Unidad: | D115: UN
B116: MATERIALES | C116: UNIDAD | D116: CANT. | E116: VR. PARCIAL | F116: VR. TOTAL
B117: Cable de CU 12 AWG, (LS) Baja emisión de humos, (HF) Libre de Alogenos, (FR) Retardante a la llama, (CT) Apto para bandeja tipo CT, (PE) Aislado con Poliolefina | C117: m | D117: 24 | E117: 2677 | F117: =ROUND(E117*D117,0) -> 64248
B118: Caja galvanizada + suplemento | C118: un | D118: 1 | E118: =3250*1.19 -> 3867.5 | F118: =ROUND(E118*D118,0) -> 3868
B119: Tubo conduit emt 3/4" X 3m | C119: un | D119: 1.33 | E119: 16000 | F119: =ROUND(E119*D119,0) -> 21280
B120: Terminal emt de 3/4" | C120: un | D120: 2 | E120: =700*1.19 -> 833 | F120: =ROUND(E120*D120,0) -> 1666
B121: Interrumtor sencillo 15A | C121: un | D121: 1 | E121: =12800*1.19 -> 15232 | F121: =ROUND(E121*D121,0) -> 15232
B122: Conector 3M | C122: un | D122: 3 | E122: =500*1.19 -> 595 | F122: =ROUND(E122*D122,0) -> 1785
...

Sheet APUS primarios
B2: CONSTRUCCIÓN DE LA NUEVA ESTACIÓN DEL CUERPO DE BOMBEROS LOCALIZADA EN EL SECTOR DE LAS BRISAS DE LA CIUDAD DE PEREIRA
A7: ANÁLISIS DE PRECIOS UNITARIOS
A9: ITE103 | B9: Concreto de 10,3 Mpa (producción) | C9: M3 | E9: =ROUND(SUM(G9:G16),0) -> 240391
A10: MAT | B10: Cemento gris saco por 50 kilos, incluye cargue, descargue y transporte | C10: Sc | D10: 3.5 | E10: 28500 | F10: 1.03 | G10: =ROUND((D10*E10*F10),0) -> 102743
B11: Arena | C11: M3 | D11: 0.56 | E11: 41000 | F11: 1.03 | G11: =ROUND((D11*E11*F11),0) -> 23649
B12: Triturado | C12: M3 | D12: 0.97 | E12: 45000 | F12: 1.03 | G12: =ROUND((D12*E12*F12),0) -> 44960
B13: Agua | C13: Lt | D13: 100 | E13: 10 | F13: 1.03 | G13: =ROUND((D13*E13*F13),0) -> 1030
A14: M . O | B14: Cuadrilla C 1 Of + 7 Ay (jornal + prestaciones) | C14: Día | D14: 1 | E14: =' MANO DE OBRA'!F51 -> 465519 | F14: =1/8 -> 0.125 | G14: =ROUND((D14*E14*F14),0) -> 58190
A15: EQUIPO | B15: Herramienta menor (% mano obra) | C15: %MO | D15: 0.1 | E15: =G14 -> 58190 | F15: 0 | G15: =ROUND((D15*E15),0) -> 5819
B16: Concretadora gasolina de 1 o 1 1/2 sacos | C16: Día | D16: 1 | E16: 40000 | F16: =1/10 -> 0.1 | G16: =ROUND((D16*E16*F16),0) -> 4000
A19: ITE102 | B19: Concreto de 17,2 Mpa (2500 psi) (producción) | C19: M3 | E19: =ROUND(SUM(G19:G26),0) -> 310296
A20: MAT | B20: Cemento gris saco por 50 kilos, incluye cargue, descargue y transporte | C20: Sc | D20: 6 | E20: 28500 | F20: 1.03 | G20: =ROUND((D20*E20*F20),0) -> 176130
B21: Arena | C21: M3 | D21: 0.48 | E21: 41000 | F21: 1.03 | G21: =ROUND((D21*E21*F21),0) -> 20270
B22: Triturado | C22: M3 | D22: 0.95 | E22: 45000 | F22: 1.03 | G22: =ROUND((D22*E22*F22),0) -> 44033
B23: Agua | C23: Lt | D23: 180 | E23: 10 | F23: 1.03 | G23: =ROUND((D23*E23*F23),0) -> 1854
A24: M . O | B24: Cuadrilla C 1 Of + 7 Ay (jornal + prestaciones) | C24: Día | D24: 1 | E24: =' MANO DE OBRA'!F51 -> 465519 | F24: =1/8 -> 0.125 | G24: =ROUND((D24*E24*F24),0) -> 58190
A25: EQUIPO | B25: Herramienta menor (% mano obra) | C25: %MO | D25: 0.1 | E25: =G24 -> 58190 | F25: 0 | G25: =ROUND((D25*E25),0) -> 5819
B26: Concretadora gasolina de 1 o 1 1/2 sacos | C26: Día | D26: 1 | E26: 40000 | F26: =1/10 -> 0.1 | G26: =ROUND((D26*E26*F26),0) -> 4000
A29: ITE101 | B29: Concreto de 20,7 Mpa (3000 psi) (producción) | C29: M3 | E29: =ROUND(SUM(G29:G36),0) -> 328407
A30: MAT | B30: Cemento gris saco por 50 kilos, incluye cargue, descargue y transporte | C30: Sc | D30: 7 | E30: 28500 | F30: 1.03 | G30: =ROUND((D30*E30*F30),0) -> 205485
B31: Arena | C31: M3 | D31: 0.55 | E31: 41000 | F31: 1.03 | G31: =ROUND((D31*E31*F31),0) -> 23227
B32: Triturado | C32: M3 | D32: 0.84 | E32: 45000 | F32: 1.03 | G32: =ROUND((D32*E32*F32),0) -> 38934
B33: Agua | C33: Lt | D33: 180 | E33: 10 | F33: 1.03 | G33: =ROUND((D33*E33*F33),0) -> 1854
A34: M . O | B34: Cuadrilla C 1 Of + 7 Ay (jornal + prestaciones) | C34: Día | D34: 1 | E34: 399318 | F34: =1/8 -> 0.125 | G34: =ROUND((D34*E34*F34),0) -> 49915
A35: EQUIPO | B35: Herramienta menor (% mano obra) | C35: %MO | D35: 0.1 | E35: =G34 -> 49915 | F35: 0 | G35: =ROUND((D35*E35),0) -> 4992
B36: Concretadora gasolina de 1 o 1 1/2 sacos | C36: Día | D36: 1 | E36: 40000 | F36: =1/10 -> 0.1 | G36: =ROUND((D36*E36*F36),0) -> 4000
A39: ITE100 | B39: Concreto de 27,6 Mpa (4000) (producción) | C39: M3 | E39: =ROUND(SUM(G39:G46),0) -> 393613
A40: MAT | B40: Cemento gris saco por 50 kilos, incluye cargue, descargue y transporte | C40: Sc | D40: 9 | E40: 28500 | F40: 1.03 | G40: =ROUND((D40*E40*F40),0) -> 264195
B41: Arena | C41: M3 | D41: 0.67 | E41: 41000 | F41: 1.03 | G41: =ROUND((D41*E41*F41),0) -> 28294
B42: Triturado | C42: M3 | D42: 0.67 | E42: 45000 | F42: 1.03 | G42: =ROUND((D42*E42*F42),0) -> 31055
B43: Agua | C43: Lt | D43: 200 | E43: 10 | F43: 1.03 | G43: =ROUND((D43*E43*F43),0) -> 2060
A44: M . O | B44: Cuadrilla C 1 Of + 7 Ay (jornal + prestaciones) | C44: Día | D44: 1 | E44: =' MANO DE OBRA'!F51 -> 465519 | F44: =1/8 -> 0.125 | G44: =ROUND((D44*E44*F44),0) -> 58190
A45: EQUIPO | B45: Herramienta menor (% mano obra) | C45: %MO | D45: 0.1 | E45: =G44 -> 58190 | F45: 0 | G45: =ROUND((D45*E45),0) -> 5819
B46: Concretadora gasolina de 1 o 1 1/2 sacos | C46: Día | D46: 1 | E46: 40000 | F46: =1/10 -> 0.1 | G46: =ROUND((D46*E46*F46),0) -> 4000
A49: ITE105 | B49: Mortero 1:3 (producción) | C49: M3 | E49: =ROUND(SUM(G49:G54),0) -> 346242
A50: MAT | B50: Cemento gris saco por 50 kilos, incluye cargue, descargue y transporte | C50: Sc | D50: 9 | E50: 28500 | F50: 1.03 | G50: =ROUND((D50*E50*F50),0) -> 264195
B51: Arena | C51: M3 | D51: 1.09 | E51: 41000 | F51: 1.03 | G51: =ROUND((D51*E51*F51),0) -> 46031
B52: Agua | C52: Lt | D52: 220 | E52: 10 | F52: 1.03 | G52: =ROUND((D52*E52*F52),0) -> 2266
A53: M . O | B53: Cuadrilla A 1 Of + 4 Ay (jornal + prestaciones) | C53: Día | D53: 1 | E53: =' MANO DE OBRA'!F48 -> 306819 | F53: =1/10 -> 0.1 | G53: =ROUND((D53*E53*F53),0) -> 30682
A54: EQUIPO | B54: Herramienta menor (% mano obra) | C54: %MO | D54: 0.1 | E54: =G53 -> 30682 | F54: 0 | G54: =ROUND((D54*E54),0) -> 3068
A57: ITE061 | B57: Transporte material < 40 Km (corte, sub-base. base. afirmado) | C57: M3-Km | E57: =ROUND(SUM(G57:G58),0) -> 1000
A58: EQUIPO | B58: Volqueta 7 m3 | C58: Hr | D58: 1 | E58: 50000 | F58: 0.02 | G58: =ROUND((D58*E58*F58),0) -> 1000
A61: ITE712 | B61: Tablero de 4 circuitos, incluye breakers | C61: Un | E61: =ROUND(SUM(G62:G69),0) -> 109944
A62: MAT | B62: Cinta aislante rollo 19 mm x 20 m.3/4 | C62: M | D62: 0.5 | E62: 415 | F62: 0 | G62: =ROUND((D62*E62),0) -> 208
B63: Tablero de 4 circuitos | C63: Un | D63: 1 | E63: 23900 | F63: 0 | G63: =ROUND((D63*E63),0) -> 23900
B64: Breaker monofásico de 20A de incrustar | C64: Un | D64: 4 | E64: 8900 | F64: 0 | G64: =ROUND((D64*E64),0) -> 35600
B65: Alambre cobre # 8 AWG | C65: M | D65: 2 | E65: 2545 | F65: 1.03 | G65: =ROUND((D65*E65*F65),0) -> 5243
B66: Alambre cobre # 10 AWG | C66: M | D66: 2 | E66: 1598 | F66: 1.03 | G66: =ROUND((D66*E66*F66),0) -> 3292
A67: ITEMS | B67: Mortero 1:3 (producción) | C67: M3 | D67: 0.008 | E67: =E49 -> 346242 | F67: 1.05 | G67: =ROUND((D67*E67*F67),0) -> 2908
A68: M . O | B68: Oficial eléctrico (jornal + prestaciones) | C68: Día | D68: 1 | E68: =' MANO DE OBRA'!F39 -> 105799 | F68: =1/3 -> 0.33333333 | G68: =ROUND((D68*E68*F68),0) -> 35266
A69: EQUIPO | B69: Herramienta menor (% mano obra) | C69: %MO | D69: 0.1 | E69: =G68 -> 35266 | F69: 0 | G69: =ROUND((D69*E69),0) -> 3527
A72: ITE107 | B72: Acero Fy = 60.000 psi d>1/4" | C72: Kg | E72: =ROUND(SUM(G72:G76),0) -> 6671
A73: MAT | B73: Acero Fy = 60.000 psi d>1/4" puesto en obra | C73: Kg | D73: 1 | E73: 4800 | F73: 1.03 | G73: =ROUND((D73*E73*F73),0) -> 4944
B74: Alambre negro calibre 18 | C74: Kg | D74: 0.03 | E74: 8359 | F74: 1 | G74: =ROUND((D74*E74*F74),0) -> 251
A75: M . O | B75: Cuadrilla E 1 Of + 1 Ay (jornal + prestaciones) | C75: Día | D75: 1 | E75: =' MANO DE OBRA'!F46 -> 148119 | F75: 0.0063 | G75: =ROUND((D75*E75*F75),0) -> 933
A76: EQUIPO | B76: Herramienta menor (% mano obra) | C76: %MO | D76: 0.59333389 | E76: 915.21 | F76: 0 | G76: =ROUND((D76*E76),0) -> 543
A79: ITE195 | B79: Formaleta placa (básico) | C79: M2 | E79: =ROUND(SUM(G79:G87),0) -> 28891
A80: MATERIALES | B80: Cuartón de sajo 2" x 4" x 2,9 m | C80: M | D80: 1 | E80: 3250 | F80: 1.03 | G80: =ROUND((D80*E80*F80),0) -> 3348
B81: Puntilla (promedio) | C81: Lb | D81: 0.25 | E81: 2500 | F81: 0 | G81: =ROUND((D81*E81),0) -> 625
B82: ACPM | C82: Gl | D82: 0.1 | E82: 7500 | F82: 0 | G82: =ROUND((D82*E82),0) -> 750
B83: Varillón de sajo 3x3 | C83: M | D83: 1 | E83: 2100 | F83: 1.03 | G83: =ROUND((D83*E83*F83),0) -> 2163
A84: M . O | B84: Cuadrilla D 2 Of + 4 Ay (jornal + prestaciones) | C84: Día | D84: 1 | E84: =' MANO DE OBRA'!F52 -> 402038 | F84: =1/50 -> 0.02 | G84: =ROUND((D84*E84*F84),0) -> 8041
A85: EQUIPO | B85: Herramienta menor (% mano obra) | C85: %MO | D85: 0.1 | E85: =G84 -> 8041 | F85: 0 | G85: =ROUND((D85*E85),0) -> 804
B86: Tablero formaleta 90*135 | C86: Día | D86: 28 | E86: 300 | F86: 1 | G86: =ROUND((D86*E86*F86),0) -> 8400
B87: Taco metálico de 2 - >3 m | C87: Día | D87: 28 | E87: 170 | F87: 1 | G87: =ROUND((D87*E87*F87),0) -> 4760
A90: ITE194 | B90: Concreto de 27,6 Mpa (4.000 psi) impermeabilizado (producción) | C90: M3 | E90: =ROUND(SUM(G90:G92),0) -> 415277
A91: MAT | B91: Impermeabilizante para concreto | C91: Kg | D91: 1.75 | E91: 12019 | F91: 1.03 | G91: =ROUND((D91*E91*F91),0) -> 21664
A92: ITEMS | B92: Concreto de 27,6 Mpa (producción) | C92: M3 | D92: 1 | E92: =E39 -> 393613 | F92: 0 | G92: =ROUND((D92*E92),0) -> 393613
A95: ITE230 | B95: Piso en gravilla lavada, incluye dilatación flexible no incluye mortero | C95: M2 | E95: =ROUND(SUM(G95:G101),0) -> 46758
A96: MAT | B96: Cemento gris saco por 50 kilos, incluye cargue, descargue y transporte | C96: Sc | D96: 0.2 | E96: 28500 | F96: 1.05 | G96: =ROUND((D96*E96*F96),0) -> 5985
B97: Gravilla tipo gualanday | C97: Sc | D97: 1 | E97: 9737 | F97: 1.03 | G97: =ROUND((D97*E97*F97),0) -> 10029
B98: Dilatación PVC flexible ancha x 2 m | C98: M | D98: 1.75 | E98: 1850 | F98: 0 | G98: =ROUND((D98*E98),0) -> 3238
B99: Agua | C99: Lt | D99: 35 | E99: 10 | F99: 0 | G99: =ROUND((D99*E99),0) -> 350
A100: M . O | B100: Cuadrilla E 1 Of + 1 Ay (jornal + prestaciones) | C100: Día | D100: 1 | E100: =' MANO DE OBRA'!F46 -> 148119 | F100: =1/6 -> 0.16666667 | G100: =ROUND((D100*E100*F100),0) -> 24687
A101: EQUIPO | B101: Herramienta menor (% mano obra) | C101: %MO | D101: 0.1 | E101: =G100 -> 24687 | F101: 0 | G101: =ROUND((D101*E101),0) -> 2469

Sheet  MANO DE OBRA
B1: Análisis Mano de Obra
B3: ANÁLISIS MANO DE OBRA
B4: Salario Mínimo Mensual Legal Vigente año 2021 | C4: 908526
B5: Subsidio de Transporte (salario <= 2 SMMLV) | C5: 106454
B7: DESCRIPCIÓN | C7: SALARIO <= 2 SMMLV | D7: SALARIO > 2 SMMLV
C8: PERSONAL TÉCNICO, OPERATIVO Riesgo Clase V | D8: PERSONAL TÉCNICO, OPERATIVO Riesgo Clase V
B9: PRESTACIONES SOCIALES
B10: Cesantías | C10: 0.0833 | D10: 0.0833
B11: Intereses cesantías | C11: 0.01 | D11: 0.01
B12: Vacaciones | C12: 0.0472 | D12: 0.0472
B13: Prima | C13: 0.0833 | D13: 0.0833
B14: Dotación | C14: 0.06 | D14: 0.04
B15: SEGURIDAD SOCIAL
B16: Aportes régimen general de pensiones (I.V.M) | C16: 0.12 | D16: 0.12
B17: Aporte riesgos profesionales A.R.P. | C17: 0.0696 | D17: 0.0696
B18: Aportes régimen contributivo de salud | C18: 0 | D18: 0
B19: Certificado trabajo seguro en alturas | C19: 0.0212 | D19: 0.0212
B20: OTROS APORTES
B21: Aportes FIC | C21: 0.025 | D21: 0.025
B22: I.C.B.F. | C22: 0 | D22: 0
B23: Comfamiliar | C23: 0.04 | D23: 0.04
B24: Subsidio de transporte | C24: =C5/C4 -> 0.11717221
B25: Dias festivos (18 al año) | C25: 0.05 | D25: 0.05
B26: Examenes medicos de ingreso y egreso | C26: 0.02 | D26: 0.02
C27: =SUM(C9:C26) -> 0.74677221 | D27: =SUM(D9:D26) -> 0.6096
B29: NOMBRE | C29: SALARIO MENSUAL | D29: PRESTACIONES Y APORTES | E29: SALARIO + PRESTACIONES | F29: SALARIO DIA
B30: Ayudante | C30: =C4 -> 908526 | D30: =ROUND((C30*$C$27),0) -> 678462 | E30: =C30+D30 -> 1586988 | F30: =ROUND((E30/30),0) -> 52900
B31: Ayudante práctico | C31: =C30*1.4 -> 1271936.4 | D31: =ROUND((C31*$C$27),0) -> 949847 | E31: =C31+D31 -> 2221783.4 | F31: =ROUND((E31/30),0) -> 74059
B32: Oficial | C32: =C30*1.8 -> 1635346.8 | D32: =ROUND((C32*$C$27),0) -> 1221232 | E32: =C32+D32 -> 2856578.8 | F32: =ROUND((E32/30),0) -> 95219
B33: Cadenero 1 | C33: =C30*1.5 -> 1362789 | D33: =ROUND((C33*$C$27),0) -> 1017693 | E33: =C33+D33 -> 2380482 | F33: =ROUND((E33/30),0) -> 79349
B34: Cadenero 2 | C34: =C30 -> 908526 | D34: =ROUND((C34*$C$27),0) -> 678462 | E34: =C34+D34 -> 1586988 | F34: =ROUND((E34/30),0) -> 52900
B35: Liniero cat 1 | C35: =C30*2.8 -> 2543872.8 | D35: =ROUND((C35*D27),0) -> 1550745 | E35: =C35+D35 -> 4094617.8 | F35: =ROUND((E35/30),0) -> 136487
B36: Liniero cat 2 | C36: =C30*1.8 -> 1635346.8 | D36: =ROUND((C36*$C$27),0) -> 1221232 | E36: =C36+D36 -> 2856578.8 | F36: =ROUND((E36/30),0) -> 95219
B37: Maestro de obra | C37: =C30*2.5 -> 2271315 | D37: =ROUND((C37*$C$27),0) -> 1696155 | E37: =C37+D37 -> 3967470 | F37: =ROUND((E37/30),0) -> 132249
B38: Minero | C38: =C30*2.5 -> 2271315 | D38: =ROUND((C38*$C$27),0) -> 1696155 | E38: =C38+D38 -> 3967470 | F38: =ROUND((E38/30),0) -> 132249
B39: Oficial eléctrico | C39: =C30*2 -> 1817052 | D39: =ROUND((C39*$C$27),0) -> 1356924 | E39: =C39+D39 -> 3173976 | F39: =ROUND((E39/30),0) -> 105799
B40: Oficial pintor | C40: =C30*1.6 -> 1453641.6 | D40: =ROUND((C40*$C$27),0) -> 1085539 | E40: =C40+D40 -> 2539180.6 | F40: =ROUND((E40/30),0) -> 84639
B41: Operador de maquinaria | C41: =C30*1.8 -> 1635346.8 | D41: =ROUND((C41*$C$27),0) -> 1221232 | E41: =C41+D41 -> 2856578.8 | F41: =ROUND((E41/30),0) -> 95219
B42: Soldador | C42: =C30*1.8 -> 1635346.8 | D42: =ROUND((C42*$C$27),0) -> 1221232 | E42: =C42+D42 -> 2856578.8 | F42: =ROUND((E42/30),0) -> 95219
B43: Topógrafo | C43: =C30*3.5 -> 3179841 | D43: =ROUND((C43*$D$27),0) -> 1938431 | E43: =C43+D43 -> 5118272 | F43: =ROUND((E43/30),0) -> 170609
B44: Profesional en salud ocupacional | C44: =C30*2.8 -> 2543872.8 | D44: =ROUND((C44*$D$27),0) -> 1550745 | E44: =C44+D44 -> 4094617.8 | F44: =ROUND((E44/30),0) -> 136487
B45: Ayudante eléctrico | C45: =C30*1.6 -> 1453641.6 | D45: =ROUND((C45*$D$27),0) -> 886140 | E45: =C45+D45 -> 2339781.6 | F45: =ROUND((E45/30),0) -> 77993
B46: Cuadrilla E 1 Of + 1 Ay (jornal + prestaciones) | F46: =F32+F30 -> 148119
B47: Cuadrilla G 1 Of + 2 Ay (jornal + prestaciones) | F47: =F32+(2*F30) -> 201019
B48: Cuadrilla A 1 Of + 4 Ay (jornal + prestaciones) | F48: =F32+(4*F30) -> 306819
B49: Cuadrilla B 1 Min + 2 Ay (jornal + prestaciones) | F49: =F38+(2*F31) -> 280367
B50: Comisión topografía (topógrafo + Cadenero 1 + 2 Cadeneros 2) | F50: =F43+F33+(2*F34) -> 355758
B51: Cuadrilla C 1 Of + 7 Ay (jornal + prestaciones) | F51: =$F$32+(7*$F$30) -> 465519
B52: Cuadrilla D 2 Of + 4 Ay (jornal + prestaciones) | F52: =(2*F32)+(4*F30) -> 402038
B53: Cuadrilla F 6 Of + 4 Ay (jornal + prestaciones) | F53: =(6*F32)+(4*F30) -> 782914
B54: Cuadrilla H 4 Ay (jornal + prestaciones) | F54: =4*F30 -> 211600
B55: Cuadrilla J (1 Of eléctrico+1Ay eléctrico) (jornal + prestaciones) | F55: =F39+F45 -> 183792
B56: Cuadrilla K (1Of eléctrico+2Ay eléctricos) (jornal + prestaciones) | F56: =F39+(2*F45) -> 261785
B57: Cuadrilla S (1Sold.+1Ay práctico) (jornal + prestaciones) | F57: =F42+F31 -> 169278
B58: Cuadrilla L 2 Of + 8 Ay (jornal + prestaciones) | F58: =F32*2+F30*8 -> 613638
B59: Cuadrilla M 1 Of + 3 Ay (jornal + prestaciones) | F59: =F43+(3*F41) -> 456266
